 Dungeon Crawl Stone Soup version 0.30-a0-1114-gd936c97349 (webtiles) character file.

Game seed: 16745331641575898785

366 jasper the Ruffian (level 6, -6/60 (61) HPs)
             Began as a Troll Fighter on Apr 20, 2023.
             Mangled by a wight
             ... wielding a +0 long sword
              (10 damage)
             ... on level 4 of the Dungeon.
             The game lasted 00:04:35 (2153 turns).

jasper the Ruffian (Troll Fighter)                  Turns: 2153, Time: 00:04:36

HP:   -6/60 (61)    AC:  4    Str: 25    XL:     6   Next: 40%
MP:   5/5           EV:  8    Int:  6    God:
Gold: 89            SH:  9    Dex:  9    Spells: 5/5 levels left

rFire   . . .      SeeInvis .      - Unarmed
rCold   . . .      Faith    .    b - +1 kite shield
rNeg    . . .      Spirit   .    a - +0 robe
rPois   .          Reflect  .    (helmet restricted)
rElec   .          Rampage  .    (no cloak)
rCorr   .                        (gloves unavailable)
Will    .....                    (boots unavailable)
Stlth   +                        (no amulet)
HPRegen 1.10/turn                (no ring)
MPRegen 0.09/turn                (no ring)

@: lightly drained, invisible
A: large, unfitting armour, claws 3, regeneration 1, shaggy fur 1, tough skin 1
a: no special abilities


You were on level 4 of the Dungeon.
You visited 1 branch of the dungeon, and saw 4 of its levels.

You collected 89 gold pieces.

Inventory:

Missiles
 g - 6 poisoned darts
 i - 4 large rocks
 l - 2 boomerangs (quivered)
 m - 42 stones
Armour
 a - a +0 robe (worn)
 b - a +1 kite shield (worn)
 k - an orb of mayhem
Scrolls
 h - a scroll of teleportation
 j - 2 scrolls of fog
 n - 2 scrolls of identify
 p - 2 scrolls of enchant weapon
Potions
 c - a potion of might
 d - a potion of magic
 e - a potion of flight


   Skills:
 + Level 3.4 Fighting
 + Level 2.2 Throwing
 - Level 2.4 Dodging
 + Level 3.8 Shields
 * Level 4.6 Unarmed Combat


You had 5 spell levels left.
You didn't know any spells.
Your spell library contained the following spells:

 Spells                   Type           Power      Damage    Failure   Level
 Sublimation of Blood     Necr           0%         N/A       87%         2
 Petrify                  Tmut/Erth      0%         N/A       100%        4
 Irradiate                Conj/Tmut      0%         3d11      100%        5


Dungeon Overview and Level Annotations

Branches:
Dungeon (4/15)
 Temple: D:4-7

Altars:
Vehumet


Innate Abilities, Weirdness & Mutations

You are too large for most types of armour.
You have claws for hands.
Your natural rate of healing is unusually fast.
You are covered in fur. (AC +1)
You have tough skin. (AC +1)


Message History

You claw the wight!
The wight is almost destroyed.
The ball python barely misses you. You block the wight's attack.
The wight hits you with a +0 war axe! You block the ball python's attack.
Things that are here:
a +5 halberd; a +0 robe You take 14 damage, and have 27/61 hp.
MASSIVE DAMAGE!!
You scratch the wight but do no damage.
The wight is almost destroyed.
You block the wight's attack. The ball python bites you.
The wight hits you with a +0 war axe!
You feel drained.
You take 9 damage, and have 18/59 hp.
You claw the wight!
You destroy the wight!
The ball python closely misses you. You block the wight's attack.
The ball python barely misses you.
Your life force feels restored.
You claw the wight!
The wight is heavily damaged.
The wight barely misses you. The ball python barely misses you.
You scratch the wight but do no damage.
The wight is heavily damaged.
The wight hits you with a +0 long sword!
* * * LOW HITPOINT WARNING * * *
The ball python bites you.
* * * LOW HITPOINT WARNING * * *
You take 8 damage, and have 12/61 hp.
You closely miss the wight.
The wight is heavily damaged.
The wight hits you with a +0 long sword!
* * * LOW HITPOINT WARNING * * *
You feel drained.
* * * LOW HITPOINT WARNING * * *
You block the ball python's attack.
You take 9 damage, and have 3/60 hp.
You fade into invisibility!
The ball python misses you.
The wight hits you with a +0 long sword!
You die...

#.....................
#.....................
###.....................
.......................?
.#.....................
##....................
##.....#...!.........
#######z#####.......###
#.....#@S...#..##.....
........)....#). .....
.............).....###
<.............#.####
..............#.#
.......$......#..
..........!...#
...........?...
.............##


You could see a wight (unable to see you) and a ball python (unable to see you).

Vanquished Creatures
  2 wights (D:4)
  An orc priest (D:4)
  2 hounds (D:4)
  A sleepcap (D:4)
  An orc wizard (D:4)
  4 adders
  A worm (D:3)
  3 orcs
  7 ball pythons
  5 bats
  4 endoplasms
  3 giant cockroaches
  13 goblins
  5 hobgoblins
  8 jackals
  2 quokkas
  3 frilled lizards (D:1)
  10 kobolds
  3 rats
78 creatures vanquished.

Vanquished Creatures (others)
  A demonic plant (D:2)
1 creature vanquished.

Grand Total: 79 creatures vanquished

Notes
Turn   | Place    | Note
-------+----------+-------------------------------------------
     0 | D:1      | jasper the Troll Fighter began the quest for the Orb.
     0 | D:1      | Reached XP level 1. HP: 22/22 MP: 0/0
   131 | D:1      | Reached XP level 2. HP: 29/29 MP: 1/1
   577 | D:2      | Found a radiant altar of Vehumet.
   588 | D:2      | Reached XP level 3. HP: 34/36 MP: 2/2
   641 | D:2      | Found a faded altar of an unknown god.
   871 | D:2      | Reached skill level 3 in Unarmed Combat
   900 | D:2      | Reached skill level 1 in Throwing
  1409 | D:3      | Reached XP level 4. HP: 44/44 MP: 3/3
  2022 | D:4      | Reached XP level 5. HP: 43/53 MP: 4/4
  2039 | D:4      | Reached skill level 4 in Unarmed Combat
  2142 | D:4      | Reached XP level 6. HP: 46/61 MP: 5/5
  2152 | D:4      | HP: 3/60 [wight/+0 long sword (1)]
  2153 | D:4      | Mangled by a wight

Illustrated notes

Levels and vault maps discovered:
D:1:      dpeg_arrival_round_b, layout_rooms
D:2:      layout_loops_cross, basic_altar, shapermc_ecumenical_altar_gd
D:3:      layout_rooms, minivault_4
D:4:      layout_rooms, minmay_overflow_temple_star_quad, serial_curves,
          eino_curves_01, eino_curves_02, eino_curves_02, uniq_sigmund

Skill      XL: |  1  2  3  4  5 |
---------------+----------------+-----
Shields        | 3 |  3.8
Unarmed Combat | 3 4 |  4.6
Throwing       | 1 2 |  2.2
Fighting       | 3 |  3.4
Dodging        | |  2.4

Action                     |  1- 3 |  4- 6 || total
---------------------------+-------+-------++-------
  Melee: Unarmed           |   110 |    81 ||   191
  Throw: Boomerang         |    30 |    31 ||    61
         Dart              |     2 |       ||     2
    Use: Scroll            |     8 |     3 ||    11
         Potion            |       |     1 ||     1
 Armour: Robe              |    16 |    21 ||    37
  Dodge: Dodged            |    31 |    27 ||    58
  Block: Kite shield       |    33 |    45 ||    78

Table legend: (Time is in decaauts)
 A = Elapsed time spent in this place.
 B = Non-inter-level travel time spent in this place.
 C = Inter-level travel time spent in this place.
 D = Time resting spent in this place.
 E = Time spent auto-exploring this place.
 F = Levels seen in this place.
 G = Mean time per level.
                   A        B        C        D        E       F      G
               +--------+--------+--------+--------+--------+-----+--------+
         Total |   2191 |   2084 |    107 |    146 |   1366 |   4 |  547.8 |
       Dungeon |   2191 |   2084 |    107 |    146 |   1366 |   4 |  547.8 |
               +--------+--------+--------+--------+--------+-----+--------+

Top non-repeatable levels by time:
     D:2: 745 daAuts
     D:3: 722 daAuts
     D:1: 551 daAuts
     D:4: 172 daAuts
